 Dungeon Crawl Stone Soup version 0.23-a0-565-g3e74e4c (webtiles) character file.

439 galech the Covered (level 6, -12/48 HPs)
             Began as a Demonspawn Fighter on Dec 13, 2018.
             Mangled by an ogre
             ... wielding a +0 giant spiked club
              (20 damage)
             ... on level 3 of the Dungeon.
             The game lasted 00:03:46 (2786 turns).

galech the Covered (Demonspawn Fighter)             Turns: 2786, Time: 00:03:47

Health: -12/48     AC: 12    Str: 16    XL:     6   Next: 70%
Magic:  6/6        EV:  5    Int:  9    God:
Gold:   117        SH:  9    Dex: 15    Spells: 5/5 levels left

rFire    . . .     SeeInvis .   a - +0 war axe
rCold    . . .     Gourm    .   c - +0 shield
rNeg     . . .     Faith    .   g - +0 chain mail
rPois    .         Spirit   .   r - +0 helmet
rElec    .         Reflect  .   (no cloak)
rCorr    .         Harm     .   (no gloves)
MR       .....                  (no boots)
Stlth    ..........             (no amulet)
HPRegen  0.16/turn              (no ring)
MPRegen  0.10/turn              (no ring)

@: no status effects
A: hooves 2, icy blue scales 1
a: no special abilities


You were on level 3 of the Dungeon.
You were hungry.

You visited 1 branch of the dungeon, and saw 4 of its levels.

You collected 117 gold pieces.

Inventory:

Hand Weapons
 a - a +0 war axe (weapon)
Armour
 c - a +0 shield (worn)
 g - a +0 chain mail (worn)
 r - a +0 helmet (worn)
Scrolls
 b - a scroll of immolation {unknown}
 d - 2 scrolls of fog {unknown}
 i - a scroll of teleportation {unknown}
 k - 2 scrolls of identify {unknown}
 m - a scroll of noise {unknown}
 n - 2 scrolls of random uselessness {unknown}
 p - 2 scrolls of magic mapping {unknown}
 q - a scroll of remove curse {unknown}
Potions
 e - a potion of haste
 j - a potion of brilliance {unknown}
 l - a potion of ambrosia {unknown}
 o - a potion of invisibility {unknown}
 s - a potion of magic {unknown}
Comestibles
 f - 6 rations


   Skills:
 + Level 3.9 Fighting
 + Level 4.1 Axes
 + Level 4.2 Armour
 + Level 1.0 Dodging
 + Level 0.1 Stealth
 + Level 3.8 Shields


You had 5 spell levels left.
You didn't know any spells.
Your spell library was empty.

Dungeon Overview and Level Annotations

Branches:
Dungeon (4/15)
 Temple: D:4-7

Altars:

Annotations:
D:3 3 runed doors, Duffy's ghost, amateur NaFi
D:4 2 transporters, Grinder; TheNamelessOne's ghost, amateur DsAK


Innate Abilities, Weirdness & Mutations

You have hoof-like feet.
You are partially covered in icy blue scales. (AC +2)


Message History

Grinder says, "DUCK!"
Found a ring mail and 11 gold pieces.
Found a stone staircase leading up.
Grinder blinks!
The orc suddenly cheers, in orcish tradition.
The orc priest mumbles some strange prayers to Beogh against you.
Beogh smites you!
* * * LOW HITPOINT WARNING * * *
The hound pauses to sniff the ground.
There is a stone staircase leading up here.
The ogre hits you with a +0 giant spiked club.
* * * LOW HITPOINT WARNING * * *
The hound bites you but does no damage.
You climb upwards.
Level annotation: 3 runed doors, Duffy's ghost, amateur NaFi Reactivating autopickup.
There is a stone staircase leading down here.
You are feeling hungry.
The ogre hits you with a +0 giant spiked club!!
You die...

#....# #............# #.#
#....# ###....###...## #.#
##...# #....# ##...###.#
.#...#####....# #....##.#
.##..##.##....####.....#.#
..#..##..............#...#
.Z#..##.##....###........#
..#.....##....######..##.#
.##..########...@O...>##.####
.#..## ##.#########....#
##..####### #.#.........)..#
#.........# #.#..#########.#
..........# #.#..######....#
#.........####)#..........#.#
#.........#....############.##
#........♣.♣♣................#
#.......♣♣♣♣♣..#.#############


You could see an ogre.

Vanquished Creatures
  A howler monkey (D:4)
  2 orc priests (D:3)
  A bullfrog skeleton (D:3)
  A centaur skeleton (D:4)
  Terence (D:3)
  Natasha (thrice) (D:3)
  A worker ant (D:3)
  A howler monkey skeleton (D:4)
  A gnoll (D:1)
  5 adders
  An ooze (D:3)
  2 dart slugs
  A leopard gecko (D:2)
  8 orcs
  6 bats (D:1)
  5 giant cockroaches
  5 goblins
  9 hobgoblins
  6 jackals
  7 kobolds
  4 quokkas
  4 ball pythons
  3 frilled lizards
  7 rats
85 creatures vanquished.

Notes
Turn   | Place    | Note
-------+----------+-------------------------------------------
     0 | D:1      | galech the Demonspawn Fighter began the quest for the Orb.
     0 | D:1      | Reached XP level 1. HP: 18/18 MP: 1/1
    29 | D:1      | Gained mutation: You have large cloven feet. [demonic
                  | ancestry]
    29 | D:1      | Reached XP level 2. HP: 16/24 MP: 2/2
   327 | D:1      | Gained mutation: You have hoof-like feet. [demonic
                  | ancestry]
   327 | D:1      | Reached XP level 3. HP: 18/29 MP: 3/3
  1106 | D:2      | Reached XP level 4. HP: 32/36 MP: 4/4
  1515 | D:3      | Noticed Natasha
  1518 | D:3      | Killed Natasha
  1578 | D:3      | Found a runed gate.
  1578 | D:3      | Found a runed gate.
  1578 | D:3      | Found a runed gate.
  1674 | D:3      | HP: 1/36 [worker ant (5)]
  1677 | D:3      | Gained mutation: You are partially covered in icy blue
                  | scales. (AC +2) [demonic ancestry]
  1677 | D:3      | Reached XP level 5. HP: 31/41 MP: 5/5
  1981 | D:3      | Found a faded altar of an unknown god.
  2071 | D:3      | Noticed Duffy's ghost (amateur NaFi)
  2150 | D:3      | Noticed Terence
  2163 | D:3      | Killed Terence
  2250 | D:3      | Noticed Natasha
  2254 | D:3      | Killed Natasha
  2301 | D:3      | Reached XP level 6. HP: 32/48 MP: 6/6
  2473 | D:3      | Noticed Natasha
  2481 | D:3      | Killed Natasha
  2733 | D:4      | Noticed TheNamelessOne's ghost (amateur DsAK)
  2734 | D:4      | Found a transporter.
  2738 | D:4      | Found a transporter.
  2759 | D:4      | Reached skill level 1 in Dodging
  2770 | D:4      | Noticed Grinder
  2786 | D:3      | Mangled by an ogre

Vault maps used:
D:1:      lightli_arrival_flooded_house, minmay_pentomino_q2
D:2:      kennysheep_generic_room_7
D:3:      gammafunk_ghost_icy, chequers_ecumenical_altar_grove, uniq_terence,
          uniq_natasha
D:4:      cheibrodos_helix_gallery, gammafunk_ghost_smash, uniq_grinder

Skill      XL: |  1  2  3  4  5  6 |
---------------+-------------------+-----
Shields        | 3 |  3.8
Axes           | 2 3 4 |  4.1
Armour         | 3 4 |  4.2
Dodging        | 1 |  1.0
Fighting       | |  3.9
Stealth        | |  0.1

Action                   |  1- 3 |  4- 6 || total
-------------------------+-------+-------++-------
Melee: War axe           |   114 |   126 ||   240
       Kick              |    18 |    38 ||    56
  Use: Potion            |     1 |     3 ||     4
  Eat: Chunk             |     1 |     5 ||     6
Armor: Scale mail        |    71 |    30 ||   101
       Chain mail        |       |    44 ||    44
Dodge: Dodged            |    56 |    34 ||    90
Block: Shield            |    70 |    64 ||   134

Table legend:
 A = Non-vault XP
 B = Vault XP
 C = Vault XP percentage of total XP
 D = Non-vault monster count
 E = Vault monster count
 F = Vault count percentage of total count
                 A         B        C        D         E       F
            +---------+---------+-------+---------+---------+-------
      Total |     553 |      75 |  11.9 |      82 |       3 |   3.5
            +---------+---------+-------+---------+---------+-------
        D:1 |      52 |       2 |   3.7 |      24 |       1 |   4.0
        D:2 |      54 |       0 |   0.0 |      22 |       0 |   0.0
        D:3 |     303 |      73 |  19.4 |      29 |       2 |   6.5
        D:4 |     144 |       0 |   0.0 |       7 |       0 |   0.0
            +---------+---------+-------+---------+---------+-------
